 Dungeon Sprint DCSS version 0.14-a0-2542-g51e44bb (webtiles) character file.

16919 4tharraofdagon the Shatterer (level 12, -29/101 HPs)
             Began as a Djinni Fighter on Feb 10, 2014.
             Was a Believer of Zin.
             Killed by the air
             ... invoked by a titan
              (33 damage)
             ... in the Dungeon (Sprint V: "Ziggurat Sprint").
             The game lasted 00:10:46 (531 turns).

4tharraofdagon the Shatterer (Djinni Fighter)        Turns: 531, Time: 00:10:47

HP -29/101       AC 20     Str 32      XL: 12   Next: 14%
MP   0/0         EV 16     Int 13      God: Zin [**....]
Gold 0           SH 56     Dex 21      Spells:  1 memorised, 10 levels left

rFire  + + +     SeeInvis .     H - +4,+8 shillelagh "Devastator"
rCold  + + .     Clarity  .     d - +5 ice dragon armour
rNeg   + + +     Conserve .     J - +27 shield of the gong {rElec rN+ MR+ EV-5}
rPois  +         rCorr    .     (no helmet)
rElec  +         rRot     .     Q - +0 cloak
SustAb . .       Spirit   .     (no gloves)
rMut   .         Warding  .     (boots unavailable)
Saprov . . .     Stasis   +     M - amulet "Twyotuff" {Stasis Contam +Fly rN+ Dam+5}
MR     ++...                    O - ring "Brogoduja" {Regen Dex+4 Int+3}
                                D - +6 ring of strength

@: mighty, agile, flying, very resistant to hostile enchantments, unstealthy
A: fire immunity, cold vulnerability, life protection 3
a: Recite, Vitalisation, Renounce Religion


You were in the Dungeon.
You worshipped Zin.
Zin was pleased with you.
You were not hungry.

You visited 1 branch

Inventory:

Hand weapons
 a - a +0,+0 mace
 H - the +4,+8 shillelagh "Devastator" (weapon)
   (You found it in the Dungeon)
 I - the +6,+6 dark maul {crush}
   (You found it in the Dungeon)

   It inflicts extra damage upon your enemies.
Missiles
 S - a throwing net (quivered)
Armour
 b - a +0 scale mail
 c - a +0 shield
 d - a +5 ice dragon armour (worn)
 J - the +27 shield of the gong (worn) {rElec rN+ MR+ EV-5}
   (You found it in the Dungeon)

   It affects your evasion (-5).
   It insulates you from electricity.
   It protects you from negative energy.
   It affects your resistance to hostile enchantments.
 Q - a +0 cloak (worn)
Magical devices
 l - a wand of flame (7) {unknown}
 x - a wand of cold (5)
 y - a wand of disintegration (7)
 z - a wand of fire (5)
 P - a wand of random effects (15) {unknown}
Scrolls
 j - 4 scrolls of blinking
 q - 4 scrolls of amnesia
 r - 2 scrolls of fear
 s - 7 scrolls of fog
 t - a scroll of holy word
 u - 5 scrolls of identify
 v - 2 scrolls of recharging
 w - 5 scrolls of remove curse
Jewellery
 B - a +6 ring of intelligence
 C - a +6 ring of intelligence
 D - a +6 ring of strength (left hand)
 E - a +6 ring of strength
 M - the amulet "Twyotuff" (around neck) {Stasis Contam +Fly rN+ Dam+5}
   (You found it in the Dungeon)

   [amulet of stasis]

   It affects your damage with ranged weapons and melee attacks (+5).
   It protects you from negative energy.
   It lets you fly.
   It causes magical contamination when unequipped.
   Zin disapproves of the use of such an item.
 O - the ring "Brogoduja" (right hand) {Regen Dex+4 Int+3}
   (You found it in the Dungeon)

   [ring of regeneration]

   It affects your intelligence (+3).
   It affects your dexterity (+4).
 T - the macabre finger necklace {Ward}
   (You found it in the Dungeon)

   [amulet of warding]
Potions
 e - 8 potions of curing
 f - 9 potions of heal wounds
 g - 5 potions of speed
 h - 5 potions of magic
 i - 2 potions of agility
 k - 2 potions of brilliance
 n - 3 potions of might
 o - 3 potions of resistance
 p - 2 potions of restore abilities
Books
 F - a tome of Destruction
 G - a tome of Destruction
 K - Thruddeyph's Almanac of Excruciating Heat
   (You found it in the Dungeon)

   Spells                             Type                      Level
   Flame Tongue                       Conjuration/Fire             1
   Fire Brand                         Charms/Fire                  2
   Fireball                           Conjuration/Fire             5
   Bolt of Fire                       Conjuration/Fire             6
 L - a book of Transfigurations

   Spells                             Type                      Level
   Stoneskin                          Transmutation/Earth          2
   Ice Form                           Ice/Transmutation            4
   Statue Form                        Transmutation/Earth          6
   Dragon Form                        Transmutation                7
   Zin disapproves of the use of such an item.
 R - a book of Cantrips

   Spells                             Type                      Level
   Confusing Touch                    Hexes                        1
   Animate Skeleton                   Necromancy                   1
   Summon Small Mammal                Summoning                    1
   *Apportation                       Translocation                1
Magical staves
 A - a cursed staff of energy
Miscellaneous
 N - a legendary deck of escape


   Skills:
 + Level 10.8 Fighting
 * Level 21.4 Maces & Flails
 + Level 11.2 Armour
 + Level 9.2 Dodging
 - Level 10.8 Shields


You had 10 spell levels left.
You knew the following spells:

 Your Spells              Type           Power        Failure   Level  Hunger
a - Apportation           Tloc           #.........   77%         1    ##.....


Dungeon Overview and Level Annotations

Branches:
Dungeon (1/1)

Altars:
Ashenzari
Cheibriados
Dithmengos
Elyvilon
Fedhas
Kikubaaqudgha
Makhleb
Nemelex Xobeh
Okawaru
Sif Muna
Trog
Vehumet
Xom
Yredelemnul
Zin
The Shining One
Beogh
Jiyva
Lugonu


Innate Abilities, Weirdness & Mutations

You are immune to all types of fire, even holy and hellish.
You are vulnerable to cold.
You need no food.
You have no legs.
You are immune to negative energy.


Message History

You block the spriggan air mage's attack.
GONNNNG!
You block the storm dragon's attack.
GONNNNG!
The storm dragon claws you but does no damage.
You block the storm dragon's attack.
GONNNNG!
The storm dragon bites you!
* * * LOW HITPOINT WARNING * * *
The storm dragon claws you!
* * * LOW HITPOINT WARNING * * *
You block the storm dragon's attack.
GONNNNG!
You block the spriggan air mage's attack.
GONNNNG!
The spriggan air mage hits you!
* * * LOW HITPOINT WARNING * * *
The titan waves its arms in wide circles.
The air twists around and violently strikes you in flight!
You die...

.)=)))}.▓....)....▓..[
..?.|=}..▓..([:)}..▓...
▓.........▓..)......▓...
▓.........▓..(......▓.).
▓......v..▓(.)..))..▓...
▓.........▓....(.))(▓...
▓.....iv..▓....((().▓...
▓.▓..CDD▓.▓(▓..)((▓(▓...
▓.....i@iE▓..(((((..▓▓▓▓
▓▓▓▓▓▓▓▓▓▓▓▓▓▓▓▓▓▓▓▓▓


You could see a titan, 2 storm dragons, 3 spriggan air magi, an air elemental
and 2 insubstantial wisps.

Vanquished Creatures
  Gastronok (D)
  A stone giant (D)
  A merfolk javelineer (D)
  2 yaktaur captains (D)
  Harold (D)
  Erica (D)
  A centaur warrior (D)
  A deep elf knight (D)
  Erolcha (D)
  2 deep elf summoners (D)
  4 guardian mummies (D)
  Grinder (D)
  3 yaktaurs (D)
  A blink frog (shapeshifter) (D)
  A redback (D)
  A shadow (D)
  A yak (D)
  3 deep elf magi (D)
  Grum (D)
  A wolf (shapeshifter) (D)
  Edmund (D)
  3 deep elf fighters (D)
  A wolf (D)
  A porcupine (D)
  A naga (shapeshifter) (D)
  A centaur (D)
  Sigmund (D)
  Duvessa (D)
  A big kobold (shapeshifter) (D)
  Blork the orc (D)
  An agate snail (D)
  Dowan (D)
  A quasit (D)
  Crazy Yiuf (D)
  An iguana (D)
  An orc wizard (D)
  2 orc priests (D)
  An orange rat (D)
  Ijyb (D)
  Jessica (D)
  A mummy (D)
  2 white imps (D)
  An ufetubus (D)
  An adder skeleton (D)
  2 orcs (D)
  2 jackals (D)
  A giant newt zombie (D)
  A fungus (D)
63 creatures vanquished.

Vanquished Creatures (others)
  3 centaur warriors (D)
  A yaktaur (D)
  Eustachio (D)
  An insubstantial wisp (D)
6 creatures vanquished.

Grand Total: 69 creatures vanquished

Notes
Turn   | Place    | Note
--------------------------------------------------------------
     0 | D        | 4tharraofdagon, the Djinni Fighter, began the quest for the Orb.
     0 | D        | Reached XP level 1. HP: 16/16 MP: 0/0
     0 | D        | Found an ancient bone altar of Kikubaaqudgha.
     2 | D        | Found a basalt altar of Yredelemnul.
     2 | D        | Found an iron altar of Okawaru.
     4 | D        | Found a radiant altar of Vehumet.
     8 | D        | Became a worshipper of Zin the Law-Giver
    11 | D        | Found a shimmering altar of Xom.
    14 | D        | Found a burning altar of Makhleb.
    15 | D        | Found a white marble altar of Elyvilon.
    17 | D        | Found a sparkling altar of Nemelex Xobeh.
    17 | D        | Found a deep blue altar of Sif Muna.
    20 | D        | Found a bloodstained altar of Trog.
    60 | D        | Entered arena 1.
    60 | D        | Noticed a deep elf summoner
    60 | D        | Noticed a deep elf fighter
    62 | D        | Noticed an orange rat
    62 | D        | Noticed an orange rat
    64 | D        | Killed an orange rat
    65 | D        | Killed a deep elf summoner
    65 | D        | Reached skill level 5 in Fighting
    65 | D        | Reached skill level 7 in Maces & Flails
    65 | D        | Reached XP level 2. EP: 5/26
    65 | D        | Reached XP level 3. EP: 6/32
    65 | D        | Reached XP level 4. EP: 7/39
    65 | D        | Reached XP level 5. EP: 7/44
    65 | D        | Reached XP level 6. EP: 8/51
    65 | D        | Killed a deep elf fighter
    65 | D        | Reached skill level 8 in Maces & Flails
    65 | D        | Reached skill level 5 in Dodging
   142 | D        | Entered arena 2.
   142 | D        | Noticed a yaktaur
   142 | D        | Noticed a centaur
   142 | D        | Noticed a yaktaur
   149 | D        | Killed a centaur
   149 | D        | Killed a yaktaur
   149 | D        | Reached skill level 9 in Maces & Flails
   149 | D        | Reached XP level 7. EP: 43/60
   150 | D        | Killed a yaktaur
   150 | D        | Reached skill level 10 in Maces & Flails
   156 | D        | Identified Thruddeyph's Almanac of Excruciating Heat (You found it in the Dungeon)
   159 | D        | Entered arena 3.
   159 | D        | Noticed a quasit
   168 | D        | Killed a quasit
   177 | D        | Got the amulet "Twyotuff" {Stasis Contam +Fly rN+ Dam+5}
   179 | D        | Entered arena 4.
   179 | D        | Noticed a blink frog
   179 | D        | Noticed an ice beast
   179 | D        | Noticed a wolf
   179 | D        | Noticed a big kobold
   181 | D        | Killed a big kobold
   181 | D        | Reached XP level 8. EP: 50/68
   181 | D        | Killed a blink frog
   181 | D        | Killed a wolf
   181 | D        | Acquired Zin's first power
   181 | D        | Reached skill level 11 in Maces & Flails
   181 | D        | an ice beast changed into a naga
   188 | D        | Entered arena 5.
   188 | D        | Noticed an orc wizard
   188 | D        | Noticed an orc priest
   188 | D        | Noticed an orc priest
   190 | D        | Killed an orc priest
   190 | D        | Killed an orc priest
   192 | D        | Killed an orc wizard
   197 | D        | Entered arena 6.
   197 | D        | Noticed a guardian mummy
   197 | D        | Noticed a guardian mummy
   197 | D        | Noticed a guardian mummy
   197 | D        | Noticed a guardian mummy
   202 | D        | Killed a guardian mummy
   204 | D        | Killed a guardian mummy
   204 | D        | Reached XP level 9. EP: 47/75
   208 | D        | Killed a guardian mummy
   208 | D        | Reached skill level 12 in Maces & Flails
   212 | D        | Killed a guardian mummy
   212 | D        | Reached skill level 10 in Armour
   218 | D        | Got the ring "Brogoduja" {Regen Dex+4 Int+3}
   260 | D        | Entered arena 7.
   260 | D        | Noticed Sigmund
   260 | D        | Noticed Jessica
   260 | D        | Noticed Blork the orc
   260 | D        | Noticed Crazy Yiuf
   260 | D        | Noticed Dowan
   260 | D        | Noticed Duvessa
   277 | D        | Killed Crazy Yiuf
   277 | D        | Killed Duvessa
   278 | D        | Killed Blork the orc
   281 | D        | Killed Sigmund
   282 | D        | Killed Jessica
   285 | D        | Killed Dowan
   315 | D        | Learned a level 1 spell: Apportation
   318 | D        | Entered arena 8.
   318 | D        | Noticed an iguana
   318 | D        | Noticed a yak
   318 | D        | Noticed a porcupine
   318 | D        | Noticed a wolf
   318 | D        | Noticed an agate snail
   323 | D        | Killed a porcupine
   325 | D        | Killed a wolf
   325 | D        | Killed an iguana
   326 | D        | Killed a yak
   326 | D        | Reached skill level 13 in Maces & Flails
   329 | D        | Killed an agate snail
   336 | D        | Entered arena 9.
   336 | D        | Noticed a deep elf fighter
   336 | D        | Noticed a deep elf mage
   336 | D        | Noticed a deep elf fighter
   336 | D        | Noticed a deep elf mage
   336 | D        | Noticed a deep elf mage
   336 | D        | Noticed a deep elf summoner
   336 | D        | Noticed a deep elf knight
   341 | D        | Killed a deep elf mage
   343 | D        | Killed a deep elf mage
   343 | D        | Reached skill level 10 in Shields
   343 | D        | Killed a deep elf summoner
   343 | D        | Reached skill level 14 in Maces & Flails
   343 | D        | Killed a deep elf fighter
   345 | D        | Killed a deep elf fighter
   345 | D        | Reached XP level 10. EP: 74/84
   346 | D        | Killed a deep elf mage
   348 | D        | Killed a deep elf knight
   348 | D        | Reached skill level 15 in Maces & Flails
   362 | D        | Entered arena 10.
   362 | D        | Noticed Edmund
   362 | D        | Noticed Erica
   362 | D        | Noticed Erolcha
   362 | D        | Noticed Eustachio
   362 | D        | Noticed Gastronok
   362 | D        | Noticed Grum
   362 | D        | Noticed Grinder
   362 | D        | Noticed Harold
   362 | D        | Noticed Ijyb
   363 | D        | Reached skill level 10 in Fighting
   363 | D        | Reached skill level 16 in Maces & Flails
   363 | D        | Reached XP level 11. EP: 89/92
   368 | D        | Killed Grinder
   369 | D        | Killed Edmund
   369 | D        | Reached skill level 17 in Maces & Flails
   369 | D        | Killed Ijyb
   370 | D        | Killed Grum
   370 | D        | Killed Eustachio
   371 | D        | Killed Erolcha
   371 | D        | Acquired Zin's second power
   371 | D        | Reached skill level 18 in Maces & Flails
   376 | D        | Killed Harold
   381 | D        | Killed Gastronok
   381 | D        | Reached skill level 19 in Maces & Flails
   392 | D        | Killed Erica
   411 | D        | Entered arena 11.
   411 | D        | Noticed a yaktaur
   411 | D        | Noticed a centaur warrior
   411 | D        | Noticed a yaktaur captain
   411 | D        | Noticed a yaktaur
   411 | D        | Noticed a stone giant
   411 | D        | Noticed a centaur warrior
   411 | D        | Noticed a yaktaur captain
   411 | D        | Noticed a merfolk javelineer
   413 | D        | Noticed a centaur warrior
   413 | D        | Noticed a centaur warrior
   413 | D        | Identified the +5,+7 quarterstaff of Smeu {crush, +Fly rF+ MR++}
   419 | D        | Killed a centaur warrior
   419 | D        | Reached skill level 20 in Maces & Flails
   422 | D        | Killed a centaur warrior
   422 | D        | Killed a centaur warrior
   429 | D        | Killed a centaur warrior
   434 | D        | Killed a stone giant
   434 | D        | Reached skill level 21 in Maces & Flails
   437 | D        | Killed a yaktaur
   439 | D        | Killed a merfolk javelineer
   439 | D        | Reached XP level 12. EP: 43/100
   441 | D        | Killed a yaktaur
   445 | D        | Killed a yaktaur captain
   448 | D        | Killed a yaktaur captain
   519 | D        | Entered arena 12.
   519 | D        | Noticed a spriggan air mage
   519 | D        | Noticed a titan
   519 | D        | Noticed a storm dragon
   519 | D        | Noticed a spriggan air mage
   519 | D        | Noticed a storm dragon
   519 | D        | Noticed a spriggan air mage
   519 | D        | Noticed an insubstantial wisp
   520 | D        | Noticed an insubstantial wisp
   522 | D        | Noticed an insubstantial wisp
   522 | D        | Noticed an air elemental
   523 | D        | Killed an insubstantial wisp
   526 | D        | HP: 5/101 [titan/bolt of lightning (15)]
   526 | D        | HP: 2/101 [storm dragon (3)]
   531 | D        | HP: 4/101 [spriggan air mage (11)]
   531 | D        | Killed from afar by a titan

Action                   |  1- 3 |  4- 6 |  7- 9 | 10-12 || total
-------------------------+-------+-------+-------+-------++-------
Melee: Shillelagh        |     4 |     5 |    53 |    45 ||   107
       Unarmed           |       |       |     9 |       ||     9
  Use: Potion            |       |       |     2 |    16 ||    18
 Stab: Invisible         |       |       |       |     8 ||     8
